 Dungeon Crawl Stone Soup version 0.24-a0-183-g8902462 (console) character file.

Game seed: 17557483293263230300

3670 Duffy the Cleaver (level 10, -4/126 HPs)
             Began as a Naga Fighter on Mar 15, 2019.
             Was a Believer of Ru.
             Slain by a death yak (8 damage)
             ... on level 8 of the Dungeon.
             The game lasted 00:11:48 (10168 turns).

Duffy the Cleaver (Naga Fighter)                   Turns: 10168, Time: 00:11:49

Health: -4/126     AC: 16    Str: 23    XL:     10   Next: 12%
Magic:  13/13      EV:  4    Int: 12    God:    Ru [**....]
Gold:   418        SH: 11    Dex: 11    Spells: 9/9 levels left

rFire    . . .     SeeInvis +   a - +0 war axe
rCold    . . .     Gourm    .   c - +0 shield
rNeg     . . .     Faith    .   A - +0 plate armour
rPois    +         Spirit   .   (no helmet)
rElec    .         Reflect  .   F - +2 cloak
rCorr    +         Harm     .   (no gloves)
MR       +....                  (no barding)
Stlth    ..........             C - amulet of rage
HPRegen  0.31/turn              E - ring of resist corrosion
MPRegen  0.13/turn              (no ring)

@: mighty, berserking (expiring), quick
A: large, stinger 1, molten scales 1, see invisible, deformed body, poison
resistance, slowness 2, slow metabolism 1, spit poison 1, inexperienced 1, AC +3
a: Spit Poison, Renounce Religion, Evoke Berserk Rage


You were on level 8 of the Dungeon.
You worshipped Ru.
Ru was pleased with you.
You were very hungry.

You visited 2 branches of the dungeon, and saw 9 of its levels.
You also visited: Sewer.

You collected 418 gold pieces.

Inventory:

Hand Weapons
 a - a +0 war axe (weapon)
Missiles
 y - a throwing net (quivered)
Armour
 c - a +0 shield (worn)
 x - the +1 ring mail of Gallantry {rF+}
   (You found it on level 5 of the Dungeon)

   It protects you from fire.
 A - a +0 plate armour (worn)
 F - a +2 cloak (worn)
Magical Staves
 h - an uncursed staff of energy {!a}
Jewellery
 z - an uncursed ring of fire
 C - an amulet of rage (around neck)
 E - a ring of resist corrosion (left hand)
Wands
 v - a wand of enslavement (7)
 D - a wand of scattershot (8)
 I - a wand of iceblast (4)
Scrolls
 e - 2 scrolls of enchant armour {unknown}
 g - 2 scrolls of fog {unknown}
 i - 5 scrolls of fear
 k - a scroll of identify
 q - 3 scrolls of blinking {unknown}
 r - 2 scrolls of magic mapping
 t - 7 scrolls of teleportation
 u - 4 scrolls of remove curse
Potions
 d - a potion of might
 j - 6 potions of brilliance
 l - 3 potions of lignification
 n - 5 potions of curing
 o - 2 potions of ambrosia
 p - a potion of heal wounds
 s - a potion of cancellation
 w - 2 potions of flight
 B - a potion of mutation
 G - a potion of resistance {unknown}
Comestibles
 f - 10 rations


   Skills:
 - Level 3.0 Fighting
 + Level 9.9 Axes
 + Level 6.4 Armour
 + Level 8.5 Shields
 - Level 5.0 Evocations


You had 9 spell levels left.
You didn't know any spells.
Your spell library contained the following spells:

 Spells                   Type           Power        Failure   Level  Hunger
 Animate Skeleton         Necr           N/A          99%         1    ##.....
 Pain                     Necr           #...         99%         1    ##.....
 Passwall                 Tmut/Erth      #.......     100%        2    ###....
 Throw Flame              Conj/Fire      #.....       100%        2    ###....
 Ignite Poison            Fire/Tmut/Pois #.......     100%        3    ####...
 Regeneration             Chrm/Necr      #.........   100%        3    ####...
 Vampiric Draining        Necr           #.........   100%        3    ####...
 Animate Dead             Necr           N/A          100%        4    #####..
 Ignition                 Fire           #.........   100%        8    #######


Dungeon Overview and Level Annotations

Branches:
Dungeon (8/15)             Temple (1/1) D:7
   Lair: D:8-11

Altars:
Ashenzari
Cheibriados
Dithmenos
Elyvilon
Fedhas
Gozag
Hepliaklqana
Kikubaaqudgha
Makhleb
Nemelex Xobeh
Qazlal
Ru
Sif Muna
Trog
Uskayaw
Vehumet
Wu Jian
Xom
Yredelemnul
Zin
The Shining One

Annotations:
D:4 2 transporters, DEFE's ghost, amateur TeSk


Innate Abilities, Weirdness & Mutations

You cannot wear boots.
Your serpentine skin is tough. (AC +3)
You have supernaturally acute eyesight. (SInv)
Armour fits poorly on your strangely shaped body.
Your system is resistant to poisons. (rPois)
You cover ground very slowly.
You have a slow metabolism.
You can spit poison.
You are somewhat inexperienced. (-2 XL)
Your tail ends in a poisonous barb.
You are partially covered in molten scales. (AC +2)


Message History

You block the death yak's attack.
A red film seems to cover your vision as you go berserk!
You feel yourself moving faster!
You feel mighty!
You are feeling very hungry.
The death yak gores you!!
You barely miss the death yak.
The death yak is moderately wounded.
All of the chunks of flesh in your inventory have rotted away.
You hit the death yak.
The death yak is moderately wounded.
The phantom blinks!
The death yak gores you!
You hit the death yak.
The death yak is moderately wounded.
The death yak gores you.
You hit the death yak.
The death yak is moderately wounded.
You hit the death yak but do no damage.
The death yak is moderately wounded.
The death yak gores you!
You die...

#.# ...##### #.#
...# # #.# ####
# #.# ### # #.#
######... . #.#
#.......# # #.#
#.......#
#.####.####..#
#..@YYa..W...#
######r##..#....
#..Y....# #
#.####.#%... #..
...... ### .W...
...a# .W#. ...


You could see 2 death yaks, a phantom, a worker ant and a quokka.

Vanquished Creatures
  4 death yaks (D:8)
  Pikel (D:5)
  Joseph (D:7)
  A hippogriff (D:8)
  Sigmund (D:3)
  An ice beast (D:7)
  A slave (D:5)
  An orc warrior (D:3)
  3 sky beasts
  2 necrophages
  3 ogres
  6 centaurs
  2 big kobolds (Sewer)
  A bullfrog (D:6)
  A scorpion (D:7)
  6 wights
  An electric eel (D:8)
  A howler monkey (D:6)
  2 crimson imps
  2 centaur zombies
  A hound (D:8)
  4 orc priests
  A bullfrog skeleton (D:8)
  2 iguanas
  Jessica (D:3)
  An orc wizard (D:6)
  2 worker ants (D:6)
  2 hound skeletons (D:5)
  2 mummies (D:8)
  A howler monkey zombie (D:7)
  3 worker ant zombies
  A howler monkey skeleton (D:7)
  A river rat (Sewer)
  19 adders
  3 shadow imps
  5 oozes (Sewer)
  An adder zombie (D:6)
  3 adder skeletons
  3 worms
  5 dart slugs
  8 leopard geckos
  11 orcs
  2 ball pythons (Sewer)
  5 giant cockroaches
  4 goblins
  8 hobgoblins
  9 jackals
  4 quokkas
  6 bats
  5 frilled lizards
  14 kobolds
  A leopard gecko zombie (D:8)
  9 rats
188 creatures vanquished.

Vanquished Creatures (others)
  Ijyb (D:5)
1 creature vanquished.

Grand Total: 189 creatures vanquished

Notes
Turn   | Place    | Note
-------+----------+-------------------------------------------
     0 | D:1      | Duffy the Naga Fighter began the quest for the Orb.
     0 | D:1      | Reached XP level 1. HP: 21/21 MP: 1/1
     1 | D:1      | Noticed an electric eel
   229 | D:1      | Reached XP level 2. HP: 28/28 MP: 2/2
   621 | D:2      | Reached XP level 3. HP: 32/34 MP: 3/3
   657 | D:2      | Reached skill level 3 in Axes
  1061 | D:2      | Reached XP level 4. HP: 42/42 MP: 4/4
  2077 | D:3      | Noticed Jessica
  2081 | D:3      | Killed Jessica
  2081 | D:3      | Reached XP level 5. HP: 48/49 MP: 5/5
  2096 | D:3      | Noticed an orc warrior
  2117 | D:3      | Noticed Sigmund
  2127 | D:4      | Reached skill level 4 in Axes
  2869 | D:3      | Killed Sigmund
  2869 | D:3      | Reached skill level 5 in Axes
  2869 | D:3      | Reached XP level 6. HP: 37/56 MP: 6/6
  3484 | D:4      | Found a transporter.
  3485 | D:4      | Noticed DEFE's ghost (amateur TeSk)
  3507 | D:4      | Found a transporter.
  3707 | D:5      | Entered Level 5 of the Dungeon
  3708 | D:5      | Noticed a sky beast
  3728 | D:5      | Killed a sky beast
  3728 | D:5      | Reached XP level 7. HP: 22/62 MP: 7/7
  3931 | D:5      | Reached skill level 5 in Shields
  3962 | D:5      | Reached skill level 6 in Axes
  3969 | D:5      | Identified Enofena's Handbook of Scorching Stones
  3984 | D:5      | Got an encrusted ring mail
  3995 | D:5      | Identified the +1 ring mail of Gallantry {rF+} (You found
                  | it on level 5 of the Dungeon)
  4084 | D:5      | Found a glowing drain.
  4102 | Sewer    | Entered a sewer
  4634 | Sewer    | Reached XP level 8. HP: 69/69 MP: 8/8
  5408 | D:3      | You fall through a shaft!
  5495 | D:3      | Reached skill level 1 in Evocations
  5784 | D:5      | Found an ornate altar of the Wu Jian Council.
  5787 | D:5      | Noticed Pikel
  5811 | D:5      | Killed Pikel
  5811 | D:5      | Reached skill level 7 in Axes
  5817 | D:5      | Found a deep blue altar of Sif Muna.
  5840 | D:5      | Killed Ijyb
  5865 | D:5      | Reached XP level 9. HP: 67/74 MP: 11/11
  6033 | D:5      | Found a hide-covered altar of Uskayaw.
  6039 | D:5      | Found a glowing golden altar of the Shining One.
  7135 | D:6      | Reached skill level 8 in Axes
  7192 | D:6      | Found a burning altar of Makhleb.
  7192 | D:6      | Noticed a green death
  7588 | D:7      | Noticed Joseph
  7605 | D:7      | Killed Joseph
  7874 | D:7      | Found a staircase to the Ecumenical Temple.
  7904 | Temple   | Entered the Ecumenical Temple
  8129 | Temple   | Became a worshipper of Ru the Awakened
  9190 | D:7      | Reached skill level 5 in Evocations
  9190 | D:7      | Reached XP level 10. HP: 80/84 MP: 13/13
  9617 | D:8      | Reached skill level 5 in Armour
  9893 | D:8      | Gained mutation: You are somewhat inexperienced. (-2 XL)
                  | [Ru sacrifice]
  9893 | D:8      | Reached XP level 9. HP: 75/75 MP: 12/12
  9893 | D:8      | Reached XP level 8. HP: 69/69 MP: 11/11
  9893 | D:8      | Reached * piety under Ru
  9893 | D:8      | Reached ** piety under Ru
  9936 | D:8      | Noticed a hippogriff
  9956 | D:8      | Killed a hippogriff
 10034 | D:8      | Found a basalt altar of Yredelemnul.
 10042 | D:8      | Gained mutation: You are partially covered in molten
                  | scales. (AC +2) [potion of mutation]
 10042 | D:8      | Gained mutation: Your tail ends in a poisonous barb.
                  | [potion of mutation]
 10078 | D:8      | Reached skill level 9 in Axes
 10123 | D:8      | Noticed a death yak
 10123 | D:8      | Noticed a death yak
 10124 | D:8      | Noticed a death yak
 10124 | D:8      | Noticed a death yak
 10132 | D:8      | Noticed a death yak
 10134 | D:8      | Noticed a death yak
 10150 | D:8      | Killed a death yak
 10150 | D:8      | Reached XP level 9. HP: 36/75 MP: 12/12
 10155 | D:8      | Killed a death yak
 10155 | D:8      | Killed a death yak
 10158 | D:8      | Killed a death yak
 10158 | D:8      | Reached XP level 10. HP: 43/84 MP: 13/13
 10165 | D:8      | HP: 5/126 [death yak (13)]
 10168 | D:8      | Slain by a death yak

Levels and vault maps discovered:
D:1:      arrival_aquarium_a, layout_rooms, minmay_pentomino_u2
D:2:      layout_loops_cross, first_ration
D:3:      kennysheep_big_flooded_room, layout_rooms, uniq_jessica, uniq_sigmund
D:4:      layout_loops_ring, gammafunk_ghost_mausoleum
D:5:      layout_cave_pools, lemuel_round_altar, nicolae_overflow_crystal_walls,
          grunt_temple_overflow_open, gup_sewer_entry_bubbles,
          minmay_checkerbox, uniq_ijyb, uniq_pikel
D:6:      layout_rooms, makhleb_altar_promises_db
D:7:      layout_basic, temple_pool_b, uniq_joseph
D:8:      layout_loops_cross, lemuel_round_altar, dpeg_lair_monsters,
          serial_undead, serial_undead_f, serial_undead_f, serial_undead_f,
          serial_undead_f, serial_undead_b, serial_undead_e,
          mrwooster_statue_mirror
Temple:   regret_index_temple_generic_petals
Sewer:    sewer_co_15_rooms

Skill      XL: |  1  2  3  4  5  6  7  8  9 10 |
---------------+-------------------------------+-----
Shields        | 3 4 5 6 8 |  8.5
Axes           | 3 5 6 9 8 |  9.9
Evocations     | 3 5 |  5.0
Armour         | 3 6 5 |  6.4
Fighting       | |  3.0

Action                   |  1- 3 |  4- 6 |  7- 9 | 10-12 || total
-------------------------+-------+-------+-------+-------++-------
Melee: War axe           |    70 |   164 |   558 |    79 ||   871
       Tailslap          |       |       |     3 |       ||     3
Throw: Throwing net      |       |       |     1 |       ||     1
Invok: Sacrifice Experie |       |       |     1 |       ||     1
 Abil: Spit Poison       |     4 |    22 |    16 |       ||    42
       Evoke Berserk Rag |       |       |     1 |     1 ||     2
Evoke: Wand              |       |       |     8 |     1 ||     9
  Use: Scroll            |       |       |    12 |     2 ||    14
       Potion            |       |       |     6 |       ||     6
  Eat: Chunk             |       |     7 |     7 |       ||    14
       Ration            |       |       |     4 |       ||     4
Armor: Scale mail        |    37 |    80 |     8 |       ||   125
       Ring mail         |       |       |    48 |       ||    48
       Plate armour      |       |       |   204 |    25 ||   229
       Skin              |       |       |     6 |       ||     6
Dodge: Dodged            |    23 |    43 |    93 |     4 ||   163
Block: Shield            |    45 |   104 |   322 |    34 ||   505

Table legend:
 A = Non-vault XP
 B = Vault XP
 C = Vault XP percentage of total XP
 D = Non-vault monster count
 E = Vault monster count
 F = Vault count percentage of total count
                 A         B        C        D         E       F
            +---------+---------+-------+---------+---------+-------
      Total |    3493 |    5535 |  61.3 |     134 |      53 |  28.3
            +---------+---------+-------+---------+---------+-------
        D:1 |      20 |       2 |   9.1 |      10 |       1 |   9.1
        D:2 |     122 |       0 |   0.0 |      34 |       0 |   0.0
        D:3 |     297 |     272 |  47.8 |      17 |       4 |  19.0
        D:4 |     119 |       0 |   0.0 |      15 |       0 |   0.0
        D:5 |     635 |     736 |  53.7 |      11 |      12 |  52.2
        D:6 |     843 |       0 |   0.0 |      20 |       0 |   0.0
        D:7 |    1009 |     471 |  31.8 |      19 |       1 |   5.0
        D:8 |     448 |    3781 |  89.4 |       8 |      13 |  61.9
      Sewer |       0 |     273 | 100.0 |       0 |      22 | 100.0
            +---------+---------+-------+---------+---------+-------
